AoeStats
← feue832223

Arabia

510498467Analyzed
1v1 RM · 21h ago on Oct 1, 2026· 25m 34s· 2 players
Game mode
Random Map
Map size
Tiny (2 player)
Population
200
Speed
Normal
Resources
Standard
Victory
Conquest
Starting age
Dark Age
Ending age
Imperial Age
RankedLock teamsTeams togetherTeam positionsShared explorationLock speedFull tech treeHidden civsTurbo modeCheats
Victory
Defeat
🇧🇷 Muisca · Brazil
1134
+14
🇩🇪 Cumans · Germany
1097
-14
Codex Cumanicus
5:44 Loom
8:50 Feudal Age
11:03 Horse Collar
18:11 Fletching
25:41 Castle Age
feue832223
6:25 Loom
9:17 Feudal Age
9:44 Horse Collar
10:08 Champi Runner
13:50 Wheelbarrow
14:00 Forging
15:56 Double-Bit Axe
18:17 Scale Mail Armor
22:05 Castle Age
20:38 Gold Mining
22:01 Town Watch
22:56 Heavy Plow
22:23 Champi Warrior
23:20 Squires
24:06 Chain Mail Armor
25:45 Iron Casting
Connection lost

Rejoining the realm…

Still unreachable

The connection could not be restored.

Session expired

The server has moved on; the page needs a fresh start.